| 
	| TOP OF THE 1ST | 
|---|
 
		| Hagerstown Suns batting - Pitching for South Bend Cubs : RHP Steve Vint |  
		| Pitching: RHP Steve Vint |  |  
		| Batting: RHB Taffounnout Kame | 0-0: Ball 1-0: Called Strike
 1-1:  Fly out, F8  (Flyball, 8RS, EV 85.0 MPH)
 |  
		| Batting: RHB Xavier Reeves | 0-0: Ball 1-0: Ground out 3-1 (Groundball, 34S, EV 75.6 MPH)
 |  
		| Batting: RHB Pat Scaturro | 0-0: Ball 1-0: Foul Ball, location: 2F
 1-1: Ball
 2-1: Ball
 3-1: Base on Balls
 |  
		| Batting: RHB Leo Gutierrez | 0-0: Ball 1-0: Called Strike
 1-1: Ball
 2-1:  Fly out, F4  (Popup, 4M, EV 71.9 MPH)
 |  
		| Top of the 1st over - 0 runs, 0 hits, 0 errors, 1 left on base; Hagerstown 0 - South Bend 0 |  
	| BOTTOM OF THE 1ST | 
|---|
 
		| South Bend Cubs batting - Pitching for Hagerstown Suns : RHP Chris Mosley |  
		| Pitching: RHP Chris Mosley |  |  
		| Batting: RHB Dan Orozco | 0-0: Ball 1-0: Ground out 6-3 (Groundball, 6, EV 88.1 MPH)
 |  
		| Batting: RHB David Bousfield | 0-0: Foul Ball, location: 2F 0-1: Ball
 1-1: Foul Ball, location: 2F
 1-2: Ball
 2-2: Ball
 3-2: Foul Ball, location: 2F
 3-2: Strikes out swinging
 |  
		| Batting: RHB Erik Smith | 0-0: Ball 1-0: DOUBLE  (Flyball, 8RXD, EV 95.0 MPH)
 |  
		| Batting: RHB Mike Stein | 0-0: Foul Ball, location: 2F 0-1: Ground out 5-3 (Groundball, 56S, EV 69.4 MPH)
 |  
		| Bottom of the 1st over - 0 runs, 1 hit, 0 errors, 1 left on base; Hagerstown 0 - South Bend 0 |  
	| TOP OF THE 2ND | 
|---|
 
		| Hagerstown Suns batting - Pitching for South Bend Cubs : RHP Steve Vint |  
		| Batting: SHB Fernando Fundora | 0-0: Ball 1-0: Called Strike
 1-1: Foul Ball, location: 2F
 1-2: Ball
 2-2: Foul Ball, location: 2F
 2-2: Ground out 6-3 (Groundball, 6, EV 84.4 MPH)
 |  
		| Pitching: RHP Scott Hanson |  |  
		| Batting: LHB Mike Hamilton | 0-0: Called Strike 0-1: Swinging Strike
 0-2: SINGLE  (Line Drive, 3D, EV 96.9 MPH)
 |  
		| Batting: RHB Aaron Bateman | 0-0: SINGLE  (Groundball, 6M, EV 95.6 MPH) Mike Hamilton to second
 |  
		| Batting: RHB Joe Simmelink | 0-0: Called Strike 0-1: DOUBLE  (Line Drive, 7LM, EV 106.2 MPH)
 Mike Hamilton scores
 Aaron Bateman to third
 Runner from 3rd tries for Home, throw by LF and OUT! 7-6-2
 |  
		| Batting: RHB Jessie Fisher | 0-0: Ball 1-0: Ground out 3-1 (Groundball, 34, EV 82.5 MPH)
 |  
		| Top of the 2nd over - 1 run, 3 hits, 0 errors, 1 left on base; Hagerstown 1 - South Bend 0 |  
	| BOTTOM OF THE 2ND | 
|---|
 
		| South Bend Cubs batting - Pitching for Hagerstown Suns : RHP Chris Mosley |  
		| Batting: RHB Mike Hill | 0-0: Called Strike 0-1: SINGLE  (Groundball, 56D, EV 103.8 MPH)
 |  
		| Batting: RHB Dave de Wolff | 0-0: Called Strike 0-1: Ball
 1-1: Ball
 2-1: Foul Ball, location: 2F
 2-2: Foul Ball, location: 2F
 2-2: Foul Ball, location: 2F
 2-2: Ball
 3-2: Strikes out swinging
 |  
		| Batting: RHB Josh Burns | 0-0: Called Strike 0-1: Called Strike
 Mike Hill steals 2nd base
 0-2: Ground out 5-3 (Groundball, 56, EV 85.0 MPH)
 |  
		| Batting: RHB Ryan Bush | 0-0: Called Strike 0-1: Ball
 1-1: Swinging Strike
 1-2: Strikes out swinging
 |  
		| Bottom of the 2nd over - 0 runs, 1 hit, 0 errors, 1 left on base; Hagerstown 1 - South Bend 0 |  
	| TOP OF THE 3RD | 
|---|
 
		| Hagerstown Suns batting - Pitching for South Bend Cubs : RHP Scott Hanson |  
		| Batting: RHB Taffounnout Kame | 0-0: Called Strike 0-1: Ball
 1-1: Swinging Strike
 1-2: Ball
 2-2: Foul Ball, location: 2F
 2-2: Foul Ball, location: 2F
 2-2: Ball
 3-2: Base on Balls
 |  
		| Batting: RHB Xavier Reeves | 0-0: SINGLE  (Line Drive, 89S, EV 108.1 MPH) Taffounnout Kame to second
 |  
		| Batting: RHB Pat Scaturro | 0-0: Called Strike 0-1: Ball
 1-1: Ball
 2-1:  3-RUN HOME RUN  (Flyball, 7D, EV 98.8 MPH), Distance : 390 ft
 |  
		| Pitching: RHP Melvin Orengo |  |  
		| Batting: RHB Leo Gutierrez | 0-0: Ball 1-0: Swinging Strike
 1-1: Ball
 2-1: Called Strike
 2-2: Strikes out swinging
 |  
		| Batting: SHB Fernando Fundora | 0-0: Called Strike 0-1: Foul Ball, location: 2F
 0-2: Ball
 1-2:  Fly out, F8  (Flyball, 8RD, EV 97.5 MPH)
 |  
		| Batting: LHB Mike Hamilton | 0-0: Ball 1-0: Ball
 2-0: Ground out 4-3 (Groundball, 4, EV 102.5 MPH)
 |  
		| Top of the 3rd over - 3 runs, 2 hits, 0 errors, 0 left on base; Hagerstown 4 - South Bend 0 |  
	| BOTTOM OF THE 3RD | 
|---|
 
		| South Bend Cubs batting - Pitching for Hagerstown Suns : RHP Chris Mosley |  
		| Batting: RHB Victor Ramirez | 0-0: Ball 1-0: Called Strike
 1-1: Ball
 2-1: Swinging Strike
 2-2: Strikes out swinging
 |  
		| Batting: RHB Dan Orozco | 0-0: Swinging Strike 0-1: Foul Ball, location: 2F
 0-2: Ball
 1-2: Ground out 6-3 (Groundball, 56, EV 95.0 MPH)
 |  
		| Batting: RHB David Bousfield | 0-0: Called Strike 0-1: Ball
 1-1: DOUBLE  (Line Drive, 9LM, EV 106.2 MPH)
 |  
		| Batting: RHB Erik Smith | 0-0: Ball 1-0: Ball
 2-0: Ball
 3-0: Called Strike
 3-1: Hit by Pitch
 |  
		| Batting: RHB Mike Stein | 0-0: Called Strike 0-1: Called Strike
 0-2: Fielders Choice at 2nd, 5-4 (Groundball, 5L, EV 81.2 MPH)
 |  
		| Bottom of the 3rd over - 0 runs, 1 hit, 0 errors, 2 left on base; Hagerstown 4 - South Bend 0 |  
	| TOP OF THE 4TH | 
|---|
 
		| Hagerstown Suns batting - Pitching for South Bend Cubs : RHP Melvin Orengo |  
		| Batting: RHB Aaron Bateman | 0-0: Swinging Strike 0-1: Swinging Strike
 0-2: Ball
 1-2: Strikes out swinging
 |  
		| Batting: RHB Joe Simmelink | 0-0: Swinging Strike 0-1: SINGLE  (Line Drive, 6M, EV 99.4 MPH)
 |  
		| Pitching: LHP Mike Anderson |  |  
		| Batting: RHB Jessie Fisher | 0-0: Called Strike 0-1: Ball
 1-1: Ball
 2-1: Ball
 3-1: Grounds into double play, 6-4-3 (Groundball, 6M, EV 107.5 MPH)
 |  
		| Top of the 4th over - 0 runs, 1 hit, 0 errors, 0 left on base; Hagerstown 4 - South Bend 0 |  
	| BOTTOM OF THE 4TH | 
|---|
 
		| South Bend Cubs batting - Pitching for Hagerstown Suns : RHP Chris Mosley |  
		| Batting: RHB Mike Hill | 0-0: Ball 1-0: Ball
 2-0: Ball
 3-0: Foul Ball, location: 2F
 3-1: Hit by Pitch
 |  
		| Batting: RHB Dave de Wolff | 0-0: Ball 1-0: Ball
 2-0: SINGLE  (Groundball, 15S, EV 75.6 MPH) (infield hit)
 Mike Hill to second
 |  
		| Batting: RHB Josh Burns | 0-0: Foul Ball, location: 2F 0-1: Ball
 1-1: Ball
 2-1: Foul Ball, location: 2F
 2-2: Strikes out swinging
 |  
		| Batting: RHB Ryan Bush | 0-0: Called Strike 0-1: Ball
 1-1: Called Strike
 1-2: Strikes out swinging
 |  
		| Batting: RHB Victor Ramirez | 0-0: Ball 1-0: Called Strike
 1-1: Ground out 4-3 (Groundball, 34, EV 86.9 MPH)
 |  
		| Bottom of the 4th over - 0 runs, 1 hit, 0 errors, 2 left on base; Hagerstown 4 - South Bend 0 |  
	| TOP OF THE 5TH | 
|---|
 
		| Hagerstown Suns batting - Pitching for South Bend Cubs : LHP Mike Anderson |  
		| Batting: RHB Taffounnout Kame | 0-0: Ball 1-0: Swinging Strike
 1-1: Ball
 2-1: Ball
 3-1: Foul Ball, location: 2F
 3-2:  Fly out, F9  (Flyball, 9S, EV 85.0 MPH)
 |  
		| Batting: RHB Xavier Reeves | 0-0: Ball 1-0: Ground out 5-3 (Groundball, 56, EV 107.5 MPH)
 |  
		| Batting: RHB Pat Scaturro | 0-0: Called Strike 0-1: Ball
 1-1: Foul Ball, location: 2F
 1-2: Foul Ball, location: 2F
 1-2: Ball
 2-2: Ball
 3-2: Base on Balls
 |  
		| Pitching: RHP Angel Pesina |  |  
		| Batting: RHB Leo Gutierrez | 0-0: Ball 1-0: Ball
 2-0: Called Strike
 2-1: Foul Ball, location: 2F
 2-2: Strikes out swinging
 |  
		| Top of the 5th over - 0 runs, 0 hits, 0 errors, 1 left on base; Hagerstown 4 - South Bend 0 |  
	| BOTTOM OF THE 5TH | 
|---|
 
		| South Bend Cubs batting - Pitching for Hagerstown Suns : RHP Chris Mosley |  
		| Batting: RHB Dan Orozco | 0-0: Ball 1-0: Called Strike
 1-1: Swinging Strike
 1-2: SINGLE  (Flyball, 8RS, EV 82.5 MPH)
 |  
		| Batting: RHB David Bousfield | 0-0: Foul Ball, location: 2F 0-1: Foul Ball, location: 2F
 0-2: Strikes out looking
 |  
		| Batting: RHB Erik Smith | 0-0: Called Strike 0-1: Called Strike
 0-2: Ball
 1-2: Grounds into double play, 4-6-3 (Groundball, 4, EV 86.2 MPH)
 |  
		| Bottom of the 5th over - 0 runs, 1 hit, 0 errors, 0 left on base; Hagerstown 4 - South Bend 0 |  
	| TOP OF THE 6TH | 
|---|
 
		| Hagerstown Suns batting - Pitching for South Bend Cubs : RHP Angel Pesina |  
		| Batting: SHB Fernando Fundora | 0-0: Ball 1-0: Foul Ball, location: 2F
 1-1: Swinging Strike
 1-2: Strikes out swinging
 |  
		| Batting: LHB Mike Hamilton | 0-0: Ball 1-0: SINGLE  (Line Drive, 6M, EV 103.1 MPH)
 |  
		| Batting: RHB Aaron Bateman | 0-0: Fielders Choice at 2nd, 6-4 (Groundball, 6, EV 90.6 MPH) |  
		| Batting: RHB Joe Simmelink | 0-0: Foul Ball, location: 2F 0-1: Ball
 1-1: Called Strike
 1-2: Strikes out looking
 |  
		| Top of the 6th over - 0 runs, 1 hit, 0 errors, 1 left on base; Hagerstown 4 - South Bend 0 |  
	| BOTTOM OF THE 6TH | 
|---|
 
		| South Bend Cubs batting - Pitching for Hagerstown Suns : RHP Chris Mosley |  
		| Batting: RHB Mike Stein | 0-0: Called Strike 0-1: DOUBLE  (Groundball, 5L, EV 97.5 MPH)
 |  
		| Batting: RHB Mike Hill | 0-0: Called Strike 0-1: Ball
 1-1: Ground out 6-3 (Groundball, 6, EV 86.2 MPH)
 |  
		| Batting: RHB Dave de Wolff | 0-0: Ball 1-0: Called Strike
 1-1: Ball
 2-1: Swinging Strike
 2-2: Strikes out swinging
 |  
		| Pitching: LHP Mike Rosas |  |  
		| Batting: RHB Josh Burns | 0-0: Called Strike 0-1: Called Strike
 0-2: Ball
 1-2: Ball
 2-2: SINGLE  (Line Drive, 8RS, EV 94.4 MPH)
 Mike Stein to third
 Runner from 3rd tries for Home, SAFE, throw by CF to home
 |  
		| Batting: RHB Ryan Bush | 0-0: Called Strike 0-1: Ball
 1-1: Called Strike
 1-2: Hit by Pitch
 Josh Burns to second
 |  
		| Batting: RHB Victor Ramirez | 0-0: Ball 1-0: SINGLE  (Groundball, 3S, EV 71.2 MPH) (infield hit)
 Josh Burns to third
 Ryan Bush to second
 |  
		| Batting: RHB Dan Orozco | 0-0: Ball 1-0: Foul Ball, location: 2F
 1-1: Foul Ball, location: 2F
 1-2: Strikes out swinging
 |  
		| Bottom of the 6th over - 1 run, 3 hits, 0 errors, 3 left on base; Hagerstown 4 - South Bend 1 |  
	| TOP OF THE 7TH | 
|---|
 
		| Hagerstown Suns batting - Pitching for South Bend Cubs : RHP Angel Pesina |  
		| Pitching: LHP Dusty Blubaugh |  |  
		| Batting: RHB Jessie Fisher | 0-0: Ball 1-0: Ball
 2-0: Ground out 5-3 (Groundball, 56, EV 81.9 MPH)
 |  
		| Batting: RHB Taffounnout Kame | 0-0: Swinging Strike 0-1: Ball
 1-1: Ball
 2-1:  SOLO HOME RUN  (Flyball, 7D, EV 100.0 MPH), Distance : 388 ft
 |  
		| Batting: RHB Xavier Reeves | 0-0: SINGLE  (Groundball, 5S, EV 70.0 MPH) (infield hit) |  
		| Batting: RHB Pat Scaturro | 0-0: Called Strike Xavier Reeves is caught stealing 2nd base 2-4
 0-1: Ball
 1-1: Ball
 2-1: SINGLE  (Groundball, 56D, EV 98.8 MPH)
 |  
		| Batting: RHB Leo Gutierrez | 0-0: SINGLE  (Groundball, 34, EV 84.4 MPH) (infield hit) Pat Scaturro to second
 |  
		| Batting: SHB Fernando Fundora | 0-0: Foul Ball, location: 2F 0-1: Ball
 1-1: DOUBLE  (Line Drive, 8LXD, EV 105.0 MPH)
 Pat Scaturro scores
 Leo Gutierrez to third
 Runner from 3rd tries for Home, SAFE, no throw by CF
 |  
		| Batting: LHB Mike Hamilton | 0-0: Ball 1-0: DOUBLE  (Flyball, 8LXD, EV 110.6 MPH)
 Fernando Fundora scores
 |  
		| Pitching: RHP Andrew Dopp |  |  
		| Pinch Hitting: RHB Jason Ewert | 0-0: Ball 1-0: Called Strike
 1-1: Foul Ball, location: 2F
 1-2: Foul Ball, location: 2F
 1-2: Ball
 2-2: Strikes out swinging
 |  
		| Top of the 7th over - 4 runs, 6 hits, 0 errors, 1 left on base; Hagerstown 8 - South Bend 1 |  
	| BOTTOM OF THE 7TH | 
|---|
 
		| South Bend Cubs batting - Pitching for Hagerstown Suns : LHP Mike Rosas |  
		| Now at 3B: Jason Ewert |  |  
		| Batting: RHB David Bousfield | 0-0: Ball 1-0: Foul Ball, location: 2F
 1-1: Ball
 2-1: Foul Ball, location: 2F
 2-2: Strikes out swinging
 |  
		| Batting: RHB Erik Smith | 0-0: Ball 1-0: SINGLE  (Line Drive, 56D, EV 98.8 MPH)
 |  
		| Batting: RHB Mike Stein | 0-0: Ball 1-0: Ball
 2-0: Foul Ball, location: 2F
 2-1: Foul Ball, location: 2F
 2-2: Foul Ball, location: 2F
 2-2: Strikes out swinging
 |  
		| Batting: RHB Mike Hill | 0-0: Ball 1-0: Ground out 5-3 (Groundball, 5S, EV 86.2 MPH)
 |  
		| Bottom of the 7th over - 0 runs, 1 hit, 0 errors, 1 left on base; Hagerstown 8 - South Bend 1 |  
	| TOP OF THE 8TH | 
|---|
 
		| Hagerstown Suns batting - Pitching for South Bend Cubs : RHP Andrew Dopp |  
		| Batting: RHB Joe Simmelink | 0-0: Ball 1-0: Ball
 2-0: Ball
 3-0: Base on Balls
 |  
		| Batting: RHB Jessie Fisher | 0-0: Swinging Strike Passed Ball!
 Joe Simmelink to second
 0-1: Ball
 1-1: Swinging Strike
 1-2: Strikes out swinging
 |  
		| Batting: RHB Taffounnout Kame | 0-0: Called Strike 0-1: Ball
 1-1: Ball
 2-1: Ball
 3-1: Base on Balls
 |  
		| Batting: RHB Xavier Reeves | 0-0: Called Strike 0-1: Foul Ball, location: 2F
 0-2: Strikes out swinging
 |  
		| Batting: RHB Pat Scaturro | 0-0: Ball 1-0: Foul Ball, location: 2F
 1-1: Swinging Strike
 1-2: Ground out 6-3 (Groundball, 6S, EV 88.8 MPH)
 |  
		| Top of the 8th over - 0 runs, 0 hits, 0 errors, 2 left on base; Hagerstown 8 - South Bend 1 |  
	| BOTTOM OF THE 8TH | 
|---|
 
		| South Bend Cubs batting - Pitching for Hagerstown Suns : LHP Mike Rosas |  
		| Pinch Hitting: RHB Gilberto Alvarado | 0-0: Called Strike 0-1: Foul Ball, location: 2F
 0-2: Strikes out swinging
 |  
		| Batting: RHB Josh Burns | 0-0: Ball 1-0: Called Strike
 1-1: Foul Ball, location: 2F
 1-2: Ball
 2-2: Ground out 5-3 (Groundball, 56S, EV 93.1 MPH)
 |  
		| Batting: RHB Ryan Bush | 0-0: Ball 1-0: SINGLE  (Groundball, 56D, EV 95.0 MPH)
 |  
		| Pitching: LHP Kevin Besser |  |  
		| Batting: RHB Victor Ramirez | 0-0: Ball 1-0: Ball
 2-0: Swinging Strike
 2-1: Called Strike
 2-2: Ball
 3-2: Strikes out swinging
 |  
		| Bottom of the 8th over - 0 runs, 1 hit, 0 errors, 1 left on base; Hagerstown 8 - South Bend 1 |  
	| TOP OF THE 9TH | 
|---|
 
		| Hagerstown Suns batting - Pitching for South Bend Cubs : RHP Andrew Dopp |  
		| Now in CF: Gilberto Alvarado |  |  
		| Batting: RHB Leo Gutierrez | 0-0: Called Strike 0-1:  Fly out, F8  (Flyball, 89M, EV 88.8 MPH)
 |  
		| Batting: SHB Fernando Fundora | 0-0: Ball 1-0: Ball
 2-0: Foul Ball, location: 2F
 2-1: Ball
 3-1: Base on Balls
 |  
		| Batting: LHB Mike Hamilton | 0-0: DOUBLE  (Line Drive, 9LM, EV 107.5 MPH) Fernando Fundora to third
 |  
		| Batting: RHB Jason Ewert | 0-0: Ball 1-0: Foul Ball, location: 2F
 1-1: Foul Ball, location: 2F
 1-2: Ball
 2-2: Ball
 3-2: Foul Ball, location: 2F
 3-2: SINGLE  (Groundball, 56D, EV 97.5 MPH)
 Fernando Fundora scores
 Mike Hamilton to third
 |  
		| Batting: RHB Joe Simmelink | 0-0: Called Strike 0-1: Ball
 Jason Ewert steals 2nd base
 1-1: Ball
 2-1: Ball
 3-1: Base on Balls
 |  
		| Batting: RHB Jessie Fisher | 0-0: Called Strike 0-1: Foul Ball, location: 2F
 0-2: Ball
 1-2: Strikes out looking
 |  
		| Batting: RHB Taffounnout Kame | 0-0: Ball 1-0: Ball
 2-0: Ball
 3-0: Base on Balls
 Mike Hamilton scores
 Jason Ewert to third
 Joe Simmelink to second
 |  
		| Batting: RHB Xavier Reeves | 0-0: Called Strike 0-1: Ball
 1-1: Ball
 2-1: Called Strike
 2-2:  Fly out, F9  (Flyball, 9, EV 80.6 MPH)
 |  
		| Top of the 9th over - 2 runs, 2 hits, 0 errors, 3 left on base; Hagerstown 10 - South Bend 1 |  
	| BOTTOM OF THE 9TH | 
|---|
 
		| South Bend Cubs batting - Pitching for Hagerstown Suns : LHP Kevin Besser |  
		| Batting: RHB Dan Orozco | 0-0: Foul Ball, location: 2F 0-1: Foul Ball, location: 2F
 0-2: Ball
 1-2: Strikes out looking
 |  
		| Batting: RHB David Bousfield | 0-0: Called Strike 0-1: Called Strike
 0-2: Ball
 1-2: Strikes out swinging
 |  
		| Batting: RHB Erik Smith | 0-0: Ball 1-0: Ball
 2-0: Ball
 3-0: Called Strike
 3-1: Foul Ball, location: 2F
 3-2: Foul Ball, location: 2F
 3-2: Foul Ball, location: 2F
 3-2: Base on Balls
 |  
		| Batting: RHB Mike Stein | 0-0: Ball 1-0: Ball
 2-0: Called Strike
 2-1: Fielders Choice at 2nd, 6-4 (Groundball, 6, EV 81.9 MPH)
 |  
		| Bottom of the 9th over - 0 runs, 0 hits, 0 errors, 1 left on base; Hagerstown 10 - South Bend 1 |  |